 Dungeon Crawl Stone Soup version 0.25.1-2-g60ff931df9 (console) character file.

Game seed: 9867946156578171625

226 Colgate the Ducker (level 6, 52/53 HPs)
             Began as a Gnoll Monk on Aug 15, 2020.
             Was a Believer of Cheibriados.
             Quit the game on level 3 of the Dungeon on Aug 16, 2020.
             The game lasted 00:32:43 (1729 turns).

Colgate the Ducker (Gnoll Monk)                     Turns: 1729, Time: 00:32:43

Health: 52/53      AC:  7    Str: 19    XL:     6   Next: 1%
Magic:  8/8        EV: 13    Int: 17    God:    Cheibriados [**....]
Gold:   149        SH:  0    Dex: 24    Spells: 8/8 levels left

rFire    . . .     SeeInvis .   b - +0 shortbow
rCold    . . .     Gourm    .   (shield currently unavailable)
rNeg     . . .     Faith    .   m - +0 ring mail
rPois    .         Spirit   .   C - +0 helmet (curse)
rElec    .         Reflect  .   A - +0 cloak
rCorr    .         Harm     .   (no gloves)
MR       .....                  (no boots)
Stlth    +++.......             (no amulet)
HPRegen  0.17/turn              t - -4 ring of evasion (curse)
MPRegen  0.11/turn              w - ring of wizardry (curse)

@: very slow
A: distributed training, fangs 1, strong nose
a: Bend Time, Renounce Religion


You were on level 3 of the Dungeon.
You worshipped Cheibriados.
Cheibriados was pleased with you.
You were not hungry.

You visited 1 branch of the dungeon, and saw 3 of its levels.

You collected 149 gold pieces.

Inventory:

Hand Weapons
 a - a +0 spear
 b - a +0 shortbow (weapon)
 j - a +2 dagger of freezing
 l - a +1 dagger of venom
 y - a +2 mace of holy wrath
 z - a +2 dagger of venom
Missiles
 g - 45 poisoned darts
 k - 4 boomerangs of dispersal
 p - 37 arrows (quivered)
 B - 26 bolts
 D - 44 stones
Armour
 m - a +0 ring mail (worn)
 n - a +0 leather armour
 o - a +0 robe
 A - a +0 cloak (worn)
 C - a cursed +0 helmet (worn)
Jewellery
 d - a +6 ring of strength
 t - a cursed -4 ring of evasion (left hand)
 w - a cursed ring of wizardry (right hand)
Scrolls
 e - 2 scrolls of remove curse
 h - a scroll of teleportation {unknown}
 v - a scroll of immolation {unknown}
 x - a scroll of random uselessness {unknown}
Potions
 f - a potion of curing {unknown}
 i - a potion of haste {unknown}
 q - a potion of heal wounds {unknown}
 r - a potion of cancellation {unknown}
 s - a potion of might {unknown}
 u - a potion of flight {unknown}
Comestibles
 c - 4 rations
 E - 7 chunks of flesh


   Skills:
 + Level 6.7 Fighting
 + Level 1.7 Short Blades
 + Level 1.7 Long Blades
 + Level 1.7 Axes
 + Level 1.7 Maces & Flails
 + Level 6.7 Polearms
 + Level 1.7 Staves
 + Level 1.7 Slings
 + Level 1.7 Bows
 + Level 1.7 Crossbows
 + Level 1.7 Throwing
 + Level 1.7 Armour
 + Level 6.7 Dodging
 + Level 4.5 Stealth
 + Level 1.7 Shields
 + Level 1.7 Unarmed Combat
 + Level 1.7 Spellcasting
 + Level 1.3 Conjurations
 + Level 1.3 Hexes
 + Level 1.3 Charms
 + Level 1.3 Summonings
 + Level 1.3 Necromancy
 + Level 1.3 Translocations
 + Level 1.3 Transmutations
 + Level 1.3 Fire Magic
 + Level 1.3 Ice Magic
 + Level 1.3 Air Magic
 + Level 1.3 Earth Magic
 + Level 1.3 Poison Magic
 + Level 1.9 Invocations
 + Level 1.7 Evocations


You had 8 spell levels left.
You didn't know any spells.
Your spell library was empty.

Dungeon Overview and Level Annotations

Branches:
Dungeon (3/15)

Altars:
Cheibriados
Makhleb
Trog


Innate Abilities, Weirdness & Mutations

Your experience applies equally to all skills.
You have very sharp teeth.
Your uncanny sense of smell can sniff out nearby items.


Message History

The orc is moderately wounded.
You hit the orc.
The orc is severely wounded.
The orc hits you but does no damage.
You hit the orc but do no damage.
The orc is severely wounded.
You hit the orc but do no damage.
The orc is severely wounded.
The orc hits you but does no damage.
You closely miss the orc. You bite the orc.
The orc is almost dead.
The orc hits you with a cursed -2 dagger.
You hit the orc.
You kill the orc!
Cheibriados appreciates the change of pace.
b - a +0 shortbow (weapon)
Welcome back, Colgate the Gnoll Monk.
Cheibriados says: Take it easy.
Press ? for a list of commands and other information.
Are you sure you want to abandon this character and quit the game? (Confirm with "yes".)

######
#....######
#.##.#.)@)#
#.##.#.##[#
#.##...# .#
#.#<####
..∆ #.#.#
##. #.#.#
.. #..÷# ##
#####


There were no monsters in sight!

Vanquished Creatures
  A centaur (D:2)
  Crazy Yiuf (D:2)
  An orc priest (D:3)
  Robin (D:2)
  An adder (D:2)
  A worm (D:2)
  2 dart slugs
  A leopard gecko (D:2)
  3 orcs (D:3)
  2 ball pythons (D:2)
  3 giant cockroaches
  8 hobgoblins
  A kobold (D:2)
  6 bats
  7 frilled lizards
  15 goblins
  5 rats
59 creatures vanquished.

Notes
Turn   | Place    | Note
-------+----------+-------------------------------------------
     0 | D:1      | Colgate the Gnoll Monk began the quest for the Orb.
     0 | D:1      | Reached XP level 1. HP: 23/23 MP: 1/1
   286 | D:1      | Reached XP level 2. HP: 29/29 MP: 2/2
   622 | D:2      | Noticed a centaur
   639 | D:2      | Killed a centaur
   639 | D:2      | Reached skill level 1 in Short Blades
   639 | D:2      | Reached skill level 1 in Long Blades
   639 | D:2      | Reached skill level 1 in Axes
   639 | D:2      | Reached skill level 1 in Maces & Flails
   639 | D:2      | Reached skill level 1 in Staves
   639 | D:2      | Reached skill level 1 in Slings
   639 | D:2      | Reached skill level 1 in Bows
   639 | D:2      | Reached skill level 1 in Crossbows
   639 | D:2      | Reached skill level 1 in Throwing
   639 | D:2      | Reached skill level 1 in Armour
   639 | D:2      | Reached skill level 1 in Shields
   639 | D:2      | Reached skill level 1 in Unarmed Combat
   639 | D:2      | Reached skill level 1 in Spellcasting
   639 | D:2      | Reached skill level 1 in Conjurations
   639 | D:2      | Reached skill level 1 in Hexes
   639 | D:2      | Reached skill level 1 in Charms
   639 | D:2      | Reached skill level 1 in Summonings
   639 | D:2      | Reached skill level 1 in Necromancy
   639 | D:2      | Reached skill level 1 in Translocations
   639 | D:2      | Reached skill level 1 in Transmutations
   639 | D:2      | Reached skill level 1 in Fire Magic
   639 | D:2      | Reached skill level 1 in Ice Magic
   639 | D:2      | Reached skill level 1 in Air Magic
   639 | D:2      | Reached skill level 1 in Earth Magic
   639 | D:2      | Reached skill level 1 in Poison Magic
   639 | D:2      | Reached skill level 1 in Invocations
   639 | D:2      | Reached skill level 1 in Evocations
   639 | D:2      | Reached XP level 3. HP: 31/35 MP: 2/4
   639 | D:2      | Reached XP level 4. HP: 36/41 MP: 2/5
   737 | D:2      | Noticed Robin
   740 | D:2      | Killed Robin
   740 | D:2      | Reached XP level 5. HP: 47/47 MP: 6/6
  1048 | D:2      | Found a snail-covered altar of Cheibriados.
  1048 | D:2      | Found a bloodstained altar of Trog.
  1049 | D:2      | Found a burning altar of Makhleb.
  1055 | D:2      | Became a worshipper of Cheibriados the Contemplative
  1055 | D:2      | Reached * piety under Cheibriados
  1055 | D:2      | Reached ** piety under Cheibriados
  1307 | D:2      | Found a runed translucent door.
  1308 | D:2      | Noticed Crazy Yiuf
  1503 | D:2      | Killed Crazy Yiuf
  1721 | D:3      | Reached XP level 6. HP: 53/53 MP: 8/8
  1729 | D:3      | Quit the game

Illustrated notes

Levels and vault maps discovered:
D:1:      dpeg_arrival_shelter, layout_basic
D:2:      layout_basic, gammafunk_temple_overflow_claw, uniq_robin,
          uniq_crazy_yiuf_cottage
D:3:      layout_basic, kennysheep_ying_yang, lemuel_crystal_altar,
          nemelex_xobeh_ov_fountains_minmay, chequers_ecumenical_altar_island

Skill      XL: |  1  2 |
---------------+-------+-----
Short Blades   | 1 |  1.7
Long Blades    | 1 |  1.7
Axes           | 1 |  1.7
Maces & Flails | 1 |  1.7
Staves         | 1 |  1.7
Slings         | 1 |  1.7
Bows           | 1 |  1.7
Crossbows      | 1 |  1.7
Throwing       | 1 |  1.7
Armour         | 1 |  1.7
Shields        | 1 |  1.7
Unarmed Combat | 1 |  1.7
Spellcasting   | 1 |  1.7
Conjurations   | 1 |  1.3
Hexes          | 1 |  1.3
Charms         | 1 |  1.3
Summonings     | 1 |  1.3
Necromancy     | 1 |  1.3
Translocations | 1 |  1.3
Transmutations | 1 |  1.3
Fire Magic     | 1 |  1.3
Ice Magic      | 1 |  1.3
Air Magic      | 1 |  1.3
Earth Magic    | 1 |  1.3
Poison Magic   | 1 |  1.3
Invocations    | 1 |  1.9
Evocations     | 1 |  1.7
Fighting       | |  6.7
Polearms       | |  6.7
Dodging        | |  6.7
Stealth        | |  4.5

Action                   |  1- 3 |  4- 6 || total
-------------------------+-------+-------++-------
Melee: Spear             |    36 |    50 ||    86
       Bite              |     4 |     5 ||     9
       Dagger            |     1 |       ||     1
       Unarmed           |       |     1 ||     1
 Fire: Shortbow          |       |    57 ||    57
Throw: Dart              |     8 |     6 ||    14
  Use: Scroll            |       |     1 ||     1
 Stab: Sleeping          |     5 |       ||     5
       Distracted        |       |     1 ||     1
  Eat: Chunk             |       |     1 ||     1
Armor: Ring mail         |     2 |     7 ||     9
Dodge: Dodged            |    20 |    10 ||    30
